[Event "ICC tourney 2181 (40 10)"]
[Site "Internet Chess Club"]
[Date "2020.12.06"]
[Round "4"]
[White "handsomematch"]
[Black "JonesGill"]
[Result "1/2-1/2"]
[ICCResult "Game drawn by mutual agreement"]
[WhiteElo "1215"]
[BlackElo "1228"]
[Opening "Sicilian: O'Kelly variation"]
[ECO "B28"]
[NIC "SI.43"]
[Time "17:47:04"]
[PlyCount "75"]
[TimeControl "2400+10"]


1. e4 c5 2. Nf3 a6 3. d4 cxd4 4. Nxd4 Nf6 5. Nc3 e5 6. Nb3 Bb4 7. f3 d5 8.
Bd2 Nc6 9. exd5 Nxd5 10. Nxd5 Qxd5 11. Bxb4 Qxd1+ 12. Kxd1 Nxb4 13. c3 Nd5
14. Be2 Bf5 15. Ke1 O-O 16. Rd1 Ne3 17. Rd2 Nxg2+ 18. Kf2 Nf4 19. Re1 Rad8
20. Rxd8 Rxd8 21. Bc4 Ng6 22. Nc5 b5 23. Bb3 Rd2+ 24. Re2 Rxe2+ 25. Kxe2
Bc8 26. Ke3 Kf8 27. Ke4 Ke7 28. Kd5 Nf8 29. Kxe5 f6+ 30. Kd5 Nd7 31. Nxd7
Kxd7 32. Kc5 Kc7 33. f4 g5 34. fxg5 fxg5 35. Bf7 Bg4 36. c4 Be2 37. cxb5
Bxb5 38. Bh5 { Game drawn by mutual agreement } 1/2-1/2

[Event "ICC tourney 2181 (40 10)"]
[Site "Internet Chess Club"]
[Date "2020.12.06"]
[Round "4"]
[White "avats"]
[Black "kdbel"]
[Result "0-1"]
[ICCResult "White resigns"]
[WhiteElo "1589"]
[BlackElo "1892"]
[Opening "French: exchange variation"]
[ECO "C01"]
[NIC "FR.01"]
[Time "17:46:55"]
[PlyCount "52"]
[TimeControl "2400+10"]


1. e4 e6 2. d4 d5 3. exd5 exd5 4. Nf3 Nf6 5. Bf4 Bd6 6. Bxd6 Qxd6 7. Be2
O-O 8. c3 Re8 9. O-O Bg4 10. Nbd2 Nbd7 11. Re1 Rad8 12. h3 Bh5 13. Nh2 Bxe2
14. Rxe2 Rxe2 15. Qxe2 Re8 16. Qd3 Nh5 17. g3 c6 18. Nhf3 Ndf6 19. Qf1 Ne4
20. Re1 Nhf6 21. Nxe4 dxe4 22. Ne5 Qd5 23. Qc4 Rxe5 24. dxe5 Qxc4 25. exf6
gxf6 26. a3 Qd3 { White resigns } 0-1

[Event "ICC tourney 2181 (40 10)"]
[Site "Internet Chess Club"]
[Date "2020.12.06"]
[Round "4"]
[White "sanjay2000"]
[Black "SoaringHawk24"]
[Result "0-1"]
[ICCResult "White resigns"]
[WhiteElo "1647"]
[BlackElo "1371"]
[Opening "Giuoco Piano"]
[ECO "C54"]
[NIC "IG.02"]
[Time "17:47:22"]
[PlyCount "84"]
[TimeControl "2400+10"]


1. e4 e5 2. Nf3 Nc6 3. Bc4 Bc5 4. c3 Nf6 5. d4 exd4 6. cxd4 Bb4+ 7. Bd2
Nxe4 8. Bxb4 Nxb4 9. Bxf7+ Kxf7 10. Qb3+ d5 11. Qxb4 Rf8 12. Nc3 Kg8 13.
Qb3 Nxc3 14. bxc3 c6 15. O-O Rxf3 16. gxf3 Bh3 17. Kh1 Qf6 18. c4 Bxf1 19.
Rxf1 Qxd4 20. cxd5 Qxd5 21. Qxd5+ cxd5 22. Rd1 Rd8 23. Kg2 Kf7 24. Kg3 Ke6
25. Kf4 a6 26. Ke3 Rc8 27. Rd2 Kd6 28. Rb2 b5 29. Rb3 Rc4 30. Ra3 Ra4 31.
Rxa4 bxa4 32. Kd4 Kc6 33. h4 h5 34. a3 Kd6 35. f4 g6 36. f3 a5 37. f5 gxf5
38. f4 Kc6 39. Ke5 Kc5 40. Kxf5 d4 41. Ke4 Kc4 42. f5 d3 { White resigns }
0-1

[Event "ICC tourney 2181 (40 10)"]
[Site "Internet Chess Club"]
[Date "2020.12.06"]
[Round "4"]
[White "magicpup"]
[Black "keb2020"]
[Result "0-1"]
[ICCResult "White checkmated"]
[WhiteElo "1522"]
[BlackElo "1832"]
[Opening "Pirc: classical system, 5.Be2"]
[ECO "B08"]
[NIC "PU.03"]
[Time "17:46:56"]
[PlyCount "144"]
[TimeControl "2400+10"]


1. e4 d6 2. d4 Nf6 3. Nc3 g6 4. Nf3 Bg7 5. Be2 O-O 6. O-O Nc6 7. Be3 e5 8.
dxe5 Nxe5 9. Nxe5 dxe5 10. Qc1 Re8 11. Bh6 Bh8 12. Qe3 c6 13. Rad1 Qc7 14.
Bg5 Be6 15. Bxf6 Bxf6 16. Qf3 Bg7 17. Qg3 Qb6 18. b3 Rad8 19. Rxd8 Rxd8 20.
Rd1 Rxd1+ 21. Bxd1 Qd4 22. Qd3 Qxd3 23. cxd3 Kf8 24. Na4 b6 25. Nc3 Ke7 26.
f3 Kd6 27. Kf2 Kc5 28. Ke2 Bh6 29. a3 Kd4 30. Nb1 b5 31. g3 a5 32. h4 c5
33. g4 Bf4 34. Bc2 c4 35. dxc4 bxc4 36. bxc4 Bxc4+ 37. Kd1 Bf1 38. Nd2 Bxd2
39. Kxd2 Bg2 40. Bd1 Bf1 41. Bb3 f6 42. a4 h6 43. Bd1 g5 44. hxg5 hxg5 45.
Bb3 Ba6 46. Bc2 Bf1 47. Bb3 Bc4 48. Bc2 Ba2 49. Bd1 Kc4 50. Be2+ Kb4 51.
Bb5 Bb3 52. Kd3 Bd1 53. Ke3 Bxa4 54. Bxa4 Kxa4 55. Kd3 Kb3 56. Kd2 Kb2 57.
Kd3 a4 58. Kc4 a3 59. Kb4 a2 60. f4 gxf4 61. g5 fxg5 62. Kc4 a1=Q 63. Kd3
f3 64. Ke3 g4 65. Kf2 Kc3 66. Kg3 Qg1+ 67. Kh4 Qh2+ 68. Kg5 Qf4+ 69. Kh5 f2
70. Kh4 f1=Q 71. Kh5 Qh1+ 72. Kg6 Qhh6# { White checkmated } 0-1

[Event "ICC tourney 2181 (40 10)"]
[Site "Internet Chess Club"]
[Date "2020.12.06"]
[Round "4"]
[White "michaelxiao"]
[Black "yanje03"]
[Result "1-0"]
[ICCResult "Black resigns"]
[WhiteElo "1318"]
[BlackElo "1452"]
[Opening "Sicilian: Alapin's variation (2.c3)"]
[ECO "B22"]
[NIC "SI.46"]
[Time "17:47:00"]
[PlyCount "103"]
[TimeControl "2400+10"]


1. e4 c5 2. c3 e6 3. d4 d5 4. exd5 exd5 5. Nf3 Nf6 6. Bg5 Be7 7. Bb5+ Nc6
8. Nbd2 O-O 9. O-O c4 10. Re1 Be6 11. Bxc6 bxc6 12. Ne5 Qb6 13. b3 cxb3 14.
axb3 h6 15. Bh4 c5 16. dxc5 Bxc5 17. Qf3 Nd7 18. Nxd7 Bxd7 19. Qxd5 Bc6 20.
Qf5 Rfe8 21. b4 Bf8 22. Nc4 Qc7 23. Ne5 g6 24. Nxg6 fxg6 25. Qxg6+ Bg7 26.
Bf6 Bb5 27. c4 Rxe1+ 28. Rxe1 Qd7 29. cxb5 Rc8 30. h3 Qf7 31. Qxf7+ Kxf7
32. Bxg7 Kxg7 33. Re7+ Kg6 34. Rxa7 Rb8 35. Ra6+ Kg5 36. f3 h5 37. b6 Kf4
38. Kf2 Rb7 39. g3+ Kf5 40. Ra5+ Kg6 41. b5 Kf5 42. g4+ hxg4 43. hxg4+ Kg5
44. Ra6 Kf4 45. Kg2 Kg5 46. Kg3 Rb8 47. f4+ Kf6 48. g5+ Kf5 49. Kf3 Rb7 50.
g6 Kxg6 51. Ke4 Kf6 52. Kd5 { Black resigns } 1-0

[Event "ICC tourney 2181 (40 10)"]
[Site "Internet Chess Club"]
[Date "2020.12.06"]
[Round "4"]
[White "atevifred"]
[Black "ybabji"]
[Result "1/2-1/2"]
[ICCResult "Game drawn by mutual agreement"]
[WhiteElo "1846"]
[BlackElo "1854"]
[Opening "Réti accepted"]
[ECO "A09"]
[NIC "RE.19"]
[Time "17:46:53"]
[PlyCount "50"]
[TimeControl "2400+10"]


1. Nf3 d5 2. c4 dxc4 3. e3 e6 4. Bxc4 Nf6 5. O-O Bd6 6. d3 a6 7. a4 O-O 8.
e4 Nc6 9. Nc3 e5 10. Bg5 h6 11. Be3 Bg4 12. h3 Bxf3 13. Qxf3 Nd4 14. Qd1
Qe7 15. Ne2 Nxe2+ 16. Qxe2 Bc5 17. Rab1 Bxe3 18. fxe3 Qd7 19. Qc2 b5 20.
Bb3 Rac8 21. Rbd1 c5 22. Qc3 Qc7 23. Rf5 Rfe8 24. Rdf1 Qd6 25. g4 c4 { Game
drawn by mutual agreement } 1/2-1/2

[Event "ICC tourney 2181 (40 10)"]
[Site "Internet Chess Club"]
[Date "2020.12.06"]
[Round "4"]
[White "loveEdinburgh"]
[Black "orwind"]
[Result "1-0"]
[ICCResult "Black resigns"]
[WhiteElo "1828"]
[BlackElo "1620"]
[Opening "Benkö gambit accepted"]
[ECO "A58"]
[NIC "BI.45"]
[Time "17:46:53"]
[PlyCount "99"]
[TimeControl "2400+10"]


1. d4 Nf6 2. c4 c5 3. d5 b5 4. cxb5 a6 5. bxa6 e6 6. Nc3 exd5 7. Nxd5 Nxd5
8. Qxd5 Nc6 9. e3 Bxa6 10. Bxa6 Rxa6 11. Bd2 Be7 12. Ne2 O-O 13. O-O d6 14.
a3 Bf6 15. Bc3 Bxc3 16. Nxc3 Ne7 17. Qc4 Rb6 18. Rab1 Qb8 19. b4 cxb4 20.
Rxb4 Rxb4 21. Qxb4 Qxb4 22. axb4 Rc8 23. Ne2 Rb8 24. Rb1 Nc6 25. b5 Kf8 26.
g3 Rb6 27. Kg2 Na7 28. Nd4 Ke7 29. Ra1 Nc8 30. Rc1 Kd7 31. Kf3 Na7 32. Rb1
d5 33. e4 Kd6 34. exd5 Kxd5 35. Ke3 Kc5 36. Rc1+ Kd6 37. Rb1 Kc5 38. Ke4
Nxb5 39. Rxb5+ Rxb5 40. Nxb5 Kxb5 41. Kd5 h5 42. f4 Kb4 43. Kd6 Kc4 44. Ke7
Kd3 45. Kxf7 Ke3 46. Kxg7 Kf3 47. Kg6 Kg2 48. Kxh5 Kxh2 49. f5 Kxg3 50. f6
{ Black resigns } 1-0

[Event "ICC tourney 2181 (40 10)"]
[Site "Internet Chess Club"]
[Date "2020.12.06"]
[Round "4"]
[White "chessrani20"]
[Black "vvguys2"]
[Result "0-1"]
[ICCResult "White checkmated"]
[WhiteElo "1047"]
[BlackElo "1554"]
[Opening "Sicilian: Taimanov variation"]
[ECO "B45"]
[NIC "SI.39"]
[Time "17:47:00"]
[PlyCount "130"]
[TimeControl "2400+10"]


1. e4 c5 2. Nf3 e6 3. d4 cxd4 4. Nxd4 Nc6 5. Nc3 Bc5 6. Be3 Qb6 7. Nxc6
Qxc6 8. Bb5 Qc7 9. Bxc5 Qxc5 10. O-O Nf6 11. Re1 O-O 12. Qe2 e5 13. Qc4 b6
14. Qxc5 bxc5 15. Bc4 Rb8 16. Rab1 Bb7 17. Nd5 Nxd5 18. Bxd5 Bxd5 19. exd5
d6 20. c4 Rb7 21. b3 Rfb8 22. Rb2 a5 23. Rbe2 f6 24. h3 Rb4 25. Rb2 Kf7 26.
f3 a4 27. Reb1 a3 28. Re2 Rxc4 29. bxc4 Rxb1+ 30. Kh2 Rb2 31. Re1 Rxa2 32.
Rc1 Rb2 33. Ra1 a2 34. h4 Ke7 35. Kg3 Kd7 36. Kg4 Rxg2+ 37. Kf5 Rf2 38. Ke4
Rh2 39. Kd3 Ke7 40. Kc3 Rh3 41. Rxa2 Rxf3+ 42. Kb2 Rf2+ 43. Kb3 Rxa2 44.
Kxa2 f5 45. Kb2 f4 46. Kc2 e4 47. Kd2 Kf6 48. Ke2 Ke5 49. h5 g5 50. hxg6
hxg6 51. Kf2 Kd4 52. Ke2 f3+ 53. Kf2 Kd3 54. Ke1 e3 55. Kf1 Kd2 56. Kg1 e2
57. Kf2 e1=Q+ 58. Kxf3 Kd3 59. Kf4 Kd4 60. Kf3 Qf1+ 61. Kg4 Ke5 62. Kg3 Ke4
63. Kg4 Qg1+ 64. Kh4 Kf4 65. Kh3 Qg3# { White checkmated } 0-1

[Event "ICC tourney 2181 (40 10)"]
[Site "Internet Chess Club"]
[Date "2020.12.06"]
[Round "4"]
[White "Priccchess"]
[Black "AbleCompany"]
[Result "1/2-1/2"]
[ICCResult "Game drawn by mutual agreement"]
[WhiteElo "1806"]
[BlackElo "1568"]
[Opening "French: exchange variation"]
[ECO "C01"]
[NIC "FR.01"]
[Time "17:46:55"]
[PlyCount "121"]
[TimeControl "2400+10"]


1. e4 e6 2. d4 d5 3. exd5 exd5 4. Nf3 Bd6 5. Bd3 Ne7 6. h3 Bf5 7. O-O Bxd3
8. Qxd3 O-O 9. c3 c6 10. Ne5 Nd7 11. f4 f6 12. Nxd7 Qxd7 13. Nd2 Rae8 14.
Nf3 Nf5 15. Bd2 Re7 16. Rfe1 Rfe8 17. Rxe7 Rxe7 18. Re1 Rxe1+ 19. Nxe1 Qe6
20. g4 Nh4 21. Nf3 Nxf3+ 22. Qxf3 f5 23. gxf5 Qxf5 24. Qg4 Qb1+ 25. Kf2 Qe4
26. Qc8+ Bf8 27. Qxb7 Qc2 28. Ke1 Qb1+ 29. Ke2 Qe4+ 30. Be3 Qc2+ 31. Kf3
Qe4+ 32. Kf2 Qc2+ 33. Kg1 Qd1+ 34. Kg2 Qe2+ 35. Bf2 Qe4+ 36. Kg1 Qb1+ 37.
Kh2 Qc2 38. Kg3 Qd3+ 39. Kg2 Qe4+ 40. Kg1 Qb1+ 41. Kh2 Qc2 42. Kg2 Qe4+ 43.
Kg3 Qd3+ 44. Kg2 Qe4+ 45. Kf1 Qd3+ 46. Ke1 Qe4+ 47. Kd2 Qxf4+ 48. Be3 Qh2+
49. Kd3 Qxh3 50. Qxc6 Qf5+ 51. Kd2 h5 52. Qe8 h4 53. Qe5 Qxe5 54. dxe5 a6
55. Ke2 Kf7 56. Kf3 Ke6 57. Kg4 Be7 58. b4 g5 59. Bd4 Bd8 60. a4 Bc7 61. a5
{ Game drawn by mutual agreement } 1/2-1/2

[Event "ICC tourney 2181 (40 10)"]
[Site "Internet Chess Club"]
[Date "2020.12.06"]
[Round "4"]
[White "funpawn"]
[Black "lmperfectFocus"]
[Result "1-0"]
[ICCResult "Black resigns"]
[WhiteElo "1765"]
[BlackElo "1557"]
[Opening "Ruy Lopez: Marshall, main line, 14...Qh3"]
[ECO "C89"]
[NIC "RL.17"]
[Time "17:46:57"]
[PlyCount "99"]
[TimeControl "2400+10"]


1. e4 e5 2. Nf3 Nc6 3. Bb5 a6 4. Ba4 Nf6 5. O-O Be7 6. Re1 b5 7. Bb3 O-O 8.
c3 d5 9. exd5 Nxd5 10. Nxe5 Nxe5 11. Rxe5 c6 12. d4 Bd6 13. Re1 Qh4 14. g3
Qh3 15. Re4 Qf5 16. Bc2 Nf6 17. Re8 Qh3 18. Rxf8+ Kxf8 19. Qf1 Qh5 20. Nd2
Bh3 21. Bd1 Qf5 22. Bc2 Qg4 23. Qd1 Re8 24. f3 Qe6 25. Ne4 Nxe4 26. Bxe4 c5
27. d5 Qe7 28. b3 f5 29. Bc2 Qe2 30. Qxe2 Rxe2 31. Bd3 Rg2+ 32. Kh1 c4 33.
Bf1 Rxg3 34. hxg3 Bxf1 35. Ba3 Bxa3 36. Rxf1 Ke7 37. Rf2 Kd6 38. Rd2 Bc1
39. Rd1 Bb2 40. bxc4 bxc4 41. Kg2 Bxc3 42. Rc1 Bd2 43. Rxc4 Kxd5 44. Rc7 g5
45. Rd7+ Kc4 46. Rxd2 Kc3 47. Rd5 Kb2 48. Rxf5 Kxa2 49. Ra5+ Kb2 50. Rxa6 {
Black resigns } 1-0

[Event "ICC tourney 2181 (40 10)"]
[Site "Internet Chess Club"]
[Date "2020.12.06"]
[Round "4"]
[White "chessmaster0981"]
[Black "chesslin"]
[Result "1/2-1/2"]
[ICCResult "Game drawn because neither player has mating material"]
[WhiteElo "1557"]
[BlackElo "1804"]
[Opening "King's Indian: orthodox, Aronin-Taimanov variation (Yugoslav attack / Mar del Plata variation)"]
[ECO "E97"]
[NIC "KI.19"]
[Time "17:47:04"]
[PlyCount "124"]
[TimeControl "2400+10"]


1. d4 g6 2. c4 Bg7 3. Nc3 d6 4. e4 Nf6 5. Nf3 O-O 6. Be2 Nc6 7. O-O e5 8.
dxe5 dxe5 9. Qxd8 Rxd8 10. Bg5 Be6 11. Nd5 Bxd5 12. cxd5 Nb8 13. Rfe1 h6
14. Bxf6 Bxf6 15. Rac1 c6 16. Bc4 a5 17. a3 Nd7 18. dxc6 bxc6 19. Rc2 Rab8
20. Bf1 Rb6 21. Rec1 c5 22. Bc4 Rdb8 23. Rd2 Nf8 24. Rcc2 g5 25. Ne1 g4 26.
Nd3 Nd7 27. Bd5 Be7 28. f3 Kg7 29. fxg4 Bg5 30. Re2 a4 31. g3 Be7 32. Rf2
Rf8 33. Rf5 Bg5 34. Re2 Rd6 35. Nxe5 Nxe5 36. Rxe5 Bf6 37. Rf5 Bd4+ 38. Kg2
f6 39. b3 axb3 40. Bxb3 Rb8 41. Bc4 Rb1 42. Rd5 Rg1+ 43. Kh3 Rxd5 44. exd5
Be5 45. a4 Rc1 46. Re4 Kf8 47. a5 Ke7 48. a6 Kd6 49. Bb5 Ra1 50. Ba4 Kc7
51. Bb5 Kb6 52. Ra4 Rxa4 53. Bxa4 Kxa6 54. Bb3 Kb5 55. Kh4 c4 56. Bxc4+
Kxc4 57. Kh5 Kxd5 58. Kxh6 Ke4 59. Kg6 Kf3 60. g5 fxg5 61. Kxg5 Bxg3 62.
hxg3 Kxg3 { Game drawn because neither player has mating material } 1/2-1/2

[Event "ICC tourney 2181 (40 10)"]
[Site "Internet Chess Club"]
[Date "2020.12.06"]
[Round "4"]
[White "Jim1108"]
[Black "Threehundreds"]
[Result "1-0"]
[ICCResult "Black checkmated"]
[WhiteElo "1732"]
[BlackElo "1437"]
[Opening "Polish (Sokolsky) opening"]
[ECO "A00"]
[NIC "VO.10"]
[Time "17:48:24"]
[PlyCount "97"]
[TimeControl "2400+10"]


1. b4 Nf6 2. Bb2 g6 3. c4 Bg7 4. e3 O-O 5. d4 d5 6. Nf3 b6 7. Nc3 Bb7 8. c5
bxc5 9. dxc5 Ne4 10. Qc2 Nxc3 11. Bxc3 Bxc3+ 12. Qxc3 c6 13. Bd3 Nd7 14.
O-O Nf6 15. Rfd1 Qc8 16. Qe5 Re8 17. h3 Ba6 18. Nd4 Bxd3 19. Rxd3 Nd7 20.
Qg3 e5 21. Nb3 Nf6 22. Rdd1 Ne4 23. Qf3 Qe6 24. Nd2 Nxd2 25. Rxd2 e4 26.
Qf4 Qe5 27. Qxe5 Rxe5 28. a4 a6 29. Kf1 Kf8 30. Ke2 Ke8 31. Rd4 Kd7 32. f3
Rae8 33. f4 R5e7 34. b5 axb5 35. axb5 cxb5 36. Ra6 Rc8 37. Rxd5+ Ke8 38.
Rb6 f5 39. Rxb5 Rd7 40. Rd4 Rxd4 41. exd4 Rc7 42. d5 Kd7 43. Ke3 Ke8 44.
Kd4 Kd7 45. Ke5 e3 46. c6+ Kd8 47. Rb1 Rf7 48. d6 Ke8 49. Rb8# { Black
checkmated } 1-0

[Event "ICC tourney 2181 (40 10)"]
[Site "Internet Chess Club"]
[Date "2020.12.06"]
[Round "4"]
[White "Abhinac123"]
[Black "Fischeresque930"]
[Result "1-0"]
[ICCResult "Black resigns"]
[WhiteElo "1463"]
[BlackElo "1781"]
[Opening "Queen's gambit declined"]
[ECO "D30"]
[NIC "QP.08"]
[Time "17:47:01"]
[PlyCount "115"]
[TimeControl "2400+10"]


1. d4 d5 2. c4 e6 3. Nf3 Nf6 4. e3 Be7 5. Nc3 c6 6. Bd3 b6 7. O-O Bb7 8.
Re1 Nbd7 9. e4 dxe4 10. Nxe4 Nxe4 11. Bxe4 Nf6 12. Bc2 O-O 13. Be3 Rc8 14.
c5 Ba6 15. b4 Bc4 16. Ne5 Bd5 17. Bb3 Qc7 18. Bf4 Qb7 19. Nc4 Rfd8 20. Nd6
Bxd6 21. Bxd6 a5 22. bxa5 bxa5 23. Rb1 Qd7 24. Be5 Bxb3 25. Rxb3 Nd5 26.
Bd6 h6 27. Qb1 Qe8 28. Rb7 Rd7 29. Rxd7 Qxd7 30. Qb3 Ra8 31. Qg3 Ra7 32.
Rb1 Rb7 33. Rxb7 Qxb7 34. Qb3 Qb4 35. Qxb4 axb4 36. Kf1 Nc3 37. Ke1 Nxa2
38. Kd1 f6 39. Kc2 Nc3 40. Bf4 g5 41. Bd2 Nb5 42. Kd3 b3 43. Bc3 Kf7 44.
Kc4 Nxc3 45. Kxc3 e5 46. Kxb3 Ke6 47. Kc4 e4 48. g4 f5 49. gxf5+ Kxf5 50.
d5 cxd5+ 51. Kxd5 Kf4 52. c6 e3 53. fxe3+ Kxe3 54. c7 g4 55. c8=Q Kf3 56.
Qf5+ Kg2 57. Qxg4+ Kxh2 58. Qh5+ { Black resigns } 1-0

[Event "ICC tourney 2181 (40 10)"]
[Site "Internet Chess Club"]
[Date "2020.12.06"]
[Round "4"]
[White "couchpotato26"]
[Black "BobbyFissure"]
[Result "1-0"]
[ICCResult "Black resigns"]
[WhiteElo "1858"]
[BlackElo "1466"]
[Opening "French: Rubinstein variation"]
[ECO "C10"]
[NIC "FR.07"]
[Time "17:47:18"]
[PlyCount "127"]
[TimeControl "2400+10"]


1. e4 e6 2. d4 d5 3. Nc3 dxe4 4. Nxe4 Nd7 5. Nf3 Ngf6 6. Bg5 Be7 7. Nxf6+
Bxf6 8. Bxf6 Qxf6 9. Bd3 O-O 10. Qd2 g6 11. O-O-O c5 12. dxc5 Nxc5 13. h4
Na4 14. c3 Rd8 15. Qc2 Nc5 16. h5 Nxd3+ 17. Rxd3 Bd7 18. hxg6 hxg6 19. Re3
Rac8 20. Ne5 Rc5 21. Nxd7 Rxd7 22. g3 Rcd5 23. f4 Qd8 24. Re2 Qa5 25. a3
Qd8 26. Reh2 Kg7 27. g4 Kf6 28. g5+ Ke7 29. Qa4 a5 30. Qb3 Qc7 31. Rf2 Qc5
32. Rhf1 Qe3+ 33. Kb1 b5 34. Ka2 Qc5 35. Rc2 Rd2 36. Rfc1 R2d3 37. Re2 Qc4
38. Qxc4 bxc4 39. b3 Rd2+ 40. Rc2 cxb3+ 41. Kxb3 R2d5 42. c4 Rd4 43. Rf2
Rd3+ 44. Ka4 Rb7 45. Rfd2 Rbb3 46. Rxd3 Rxd3 47. Kxa5 Rxa3+ 48. Kb6 Kd7 49.
Rd2+ Kc8 50. c5 Rf3 51. Rd4 Rb3+ 52. Kc6 Ra3 53. Kd6 Ra7 54. c6 Ra6 55. Rb4
Ra7 56. Rb7 Rxb7 57. cxb7+ Kxb7 58. Ke7 Kc6 59. Kxf7 Kd5 60. Kf6 Ke4 61.
Kxe6 Kxf4 62. Kf6 Kg4 63. Kxg6 Kf4 64. Kf6 { Black resigns } 1-0

[Event "ICC tourney 2181 (40 10)"]
[Site "Internet Chess Club"]
[Date "2020.12.06"]
[Round "5"]
[White "chesslin"]
[Black "aakashjr"]
[Result "1-0"]
[ICCResult "Black checkmated"]
[WhiteElo "1804"]
[BlackElo "1625"]
[Opening "Queen's pawn, Mason variation, Steinitz counter-gambit"]
[ECO "D00"]
[NIC "QP.08"]
[Time "20:01:38"]
[PlyCount "45"]
[TimeControl "2400+10"]


1. d4 d5 2. Bf4 c5 3. e3 Nc6 4. c3 e6 5. Nf3 cxd4 6. exd4 Bd6 7. Bg3 Nf6 8.
Bd3 h6 9. Nbd2 Qc7 10. Bxd6 Qxd6 11. Qe2 O-O 12. O-O Re8 13. Ne5 Qc7 14. f4
Nxe5 15. fxe5 Nd7 16. Qh5 Nb6 17. Rf3 Re7 18. Rg3 Kh8 19. Qg4 f6 20. exf6
Rf7 21. Qg6 Kg8 22. Qh7+ Kf8 23. Qh8# { Black checkmated } 1-0

[Event "ICC tourney 2181 (40 10)"]
[Site "Internet Chess Club"]
[Date "2020.12.06"]
[Round "5"]
[White "chessmaster0981"]
[Black "Priccchess"]
[Result "0-1"]
[ICCResult "White resigns"]
[WhiteElo "1557"]
[BlackElo "1806"]
[Opening "Queen's pawn game"]
[ECO "D05"]
[NIC "QP.08"]
[Time "20:01:40"]
[PlyCount "70"]
[TimeControl "2400+10"]


1. d4 d5 2. Nf3 e6 3. e3 Nf6 4. Bd3 Bd6 5. O-O O-O 6. b3 c5 7. Bb2 Nc6 8.
Ne5 Bxe5 9. dxe5 Nd7 10. f4 f6 11. exf6 Nxf6 12. Nd2 d4 13. e4 e5 14. Bc4+
Kh8 15. f5 a6 16. a4 Qc7 17. Rf3 Bd7 18. Rh3 Ne7 19. Qe1 b5 20. axb5 axb5
21. Rxa8 Rxa8 22. Bf7 Rf8 23. Bh5 c4 24. bxc4 bxc4 25. Ba3 Bc6 26. Bf3 c3
27. Nb3 Ra8 28. Bc5 Re8 29. Bh5 Nxh5 30. Rxh5 Ng8 31. Qh4 Nf6 32. Rg5 Bxe4
33. Qf2 Bd5 34. Ba3 Bxb3 35. cxb3 Ne4 { White resigns } 0-1

[Event "ICC tourney 2181 (40 10)"]
[Site "Internet Chess Club"]
[Date "2020.12.06"]
[Round "5"]
[White "chessrani20"]
[Black "Mannansh"]
[Result "0-1"]
[ICCResult "White checkmated"]
[WhiteElo "1047"]
[BlackElo "1257"]
[Opening "Scandinavian defense"]
[ECO "B01"]
[NIC "SD.03"]
[Time "20:01:33"]
[PlyCount "76"]
[TimeControl "2400+10"]


1. e4 d5 2. exd5 Nf6 3. Nc3 Nxd5 4. Nf3 Nxc3 5. dxc3 Qxd1+ 6. Kxd1 Bg4 7.
Be2 Nc6 8. Nd4 Bxe2+ 9. Kxe2 O-O-O 10. Be3 Ne5 11. Nf3 Nc4 12. Rab1 Nxe3
13. fxe3 f6 14. Rbd1 e5 15. Rxd8+ Kxd8 16. Rd1+ Bd6 17. g4 Ke7 18. h4 g6
19. Kd3 f5 20. gxf5 gxf5 21. Ke2 Rg8 22. Rg1 Rxg1 23. Nxg1 e4 24. Nh3 Kf6
25. Nf4 Bxf4 26. exf4 Kg6 27. Ke3 Kh5 28. c4 Kxh4 29. b4 Kg3 30. a4 h5 31.
a5 h4 32. c5 h3 33. b5 h2 34. b6 axb6 35. cxb6 cxb6 36. axb6 h1=Q 37. c4
Qd1 38. c5 Qd3# { White checkmated } 0-1

[Event "ICC tourney 2181 (40 10)"]
[Site "Internet Chess Club"]
[Date "2020.12.06"]
[Round "5"]
[White "VincentT2008"]
[Black "sanjay2000"]
[Result "1/2-1/2"]
[ICCResult "Game drawn by mutual agreement"]
[WhiteElo "1743"]
[BlackElo "1647"]
[Opening "Queen's gambit accepted"]
[ECO "D20"]
[NIC "QG.03"]
[Time "20:02:24"]
[PlyCount "52"]
[TimeControl "2400+10"]


1. d4 d5 2. c4 dxc4 3. e3 e5 4. Bxc4 exd4 5. exd4 Bd6 6. Nf3 Nf6 7. O-O O-O
8. Bg5 Nc6 9. Nc3 h6 10. Bh4 Bg4 11. h3 Bxf3 12. Qxf3 Nxd4 13. Qxb7 Nf5 14.
Bxf6 Qxf6 15. Qf3 Qe5 16. g3 Nd4 17. Qe4 Bb4 18. Bd5 Qxe4 19. Bxe4 Rae8 20.
Bd3 Bxc3 21. bxc3 Ne2+ 22. Bxe2 Rxe2 23. Rfe1 Rc2 24. Rec1 Rxc1+ 25. Rxc1
Rb8 26. Rc2 Rb6 { Game drawn by mutual agreement } 1/2-1/2

[Event "ICC tourney 2181 (40 10)"]
[Site "Internet Chess Club"]
[Date "2020.12.06"]
[Round "5"]
[White "Threehundreds"]
[Black "wildrumpus"]
[Result "1-0"]
[ICCResult "Black checkmated"]
[WhiteElo "1437"]
[BlackElo "1535"]
[Opening "Caro-Kann: advance variation"]
[ECO "B12"]
[NIC "CK.04"]
[Time "20:01:37"]
[PlyCount "93"]
[TimeControl "2400+10"]


1. e4 c6 2. d4 d5 3. e5 Bf5 4. Nf3 e6 5. Be2 Ne7 6. O-O h6 7. h3 Bg6 8.
Nbd2 Nf5 9. Nb3 Be7 10. Re1 Bg5 11. Nxg5 hxg5 12. Qd2 f6 13. exf6 gxf6 14.
Bg4 Kf7 15. Nc5 Ng7 16. Nxe6 Qg8 17. Nc7 f5 18. Qe2 Qf8 19. Bxg5 fxg4 20.
Qe7+ Qxe7 21. Rxe7+ Kf8 22. Rae1 gxh3 23. gxh3 Rxh3 24. Nxa8 Be4 25. R1xe4
dxe4 26. Rxb7 Na6 27. Rxa7 Nb8 28. Rb7 Na6 29. Rb6 Ne6 30. Be3 Nac7 31.
Nxc7 Nxc7 32. c4 Ke8 33. Rxc6 Kd7 34. Rh6 Rf3 35. b4 Ne8 36. b5 Ng7 37. Rh7
Rf7 38. Bh6 e3 39. fxe3 Kd6 40. Rxg7 Rf1+ 41. Kxf1 Ke6 42. b6 Kd6 43. b7
Kc6 44. a3 Kd6 45. b8=Q+ Ke6 46. d5+ Kf5 47. Qf4# { Black checkmated } 1-0

[Event "ICC tourney 2181 (40 10)"]
[Site "Internet Chess Club"]
[Date "2020.12.06"]
[Round "5"]
[White "SoaringHawk24"]
[Black "loveEdinburgh"]
[Result "0-1"]
[ICCResult "White checkmated"]
[WhiteElo "1371"]
[BlackElo "1828"]
[Opening "Sicilian: Hungarian variation"]
[ECO "B34"]
[NIC "SI.43"]
[Time "20:01:30"]
[PlyCount "68"]
[TimeControl "2400+10"]


1. e4 c5 2. Nf3 g6 3. d4 cxd4 4. Nxd4 Bg7 5. Nc3 Nc6 6. Be3 Nf6 7. f3 O-O
8. Qd2 d5 9. Nxc6 bxc6 10. O-O-O Be6 11. e5 Nd7 12. f4 Qc7 13. Rg1 Bg4 14.
Re1 Nb6 15. h3 Be6 16. g4 Nc4 17. Bxc4 dxc4 18. f5 Rfd8 19. Qg2 Bd5 20.
Nxd5 cxd5 21. Bd4 Qa5 22. a3 Rab8 23. f6 exf6 24. exf6 Bh6+ 25. g5 Bf8 26.
Qf3 Bc5 27. Bxc5 Qxc5 28. Qg4 Qb6 29. b3 cxb3 30. c3 b2+ 31. Kb1 Qa6 32.
Qh4 Qd3+ 33. Ka2 Qc2 34. Re2 b1=Q# { White checkmated } 0-1